Map: Dusk Towers

Players

Shasta - Winner!

  • Race: Terran Terran
  • League: Diamond

LilDicky

  • Race: Terran Terran
  • League: Diamond

VOD

http://www.twitch.tv/tumescentpie

Description

Time

  • Played on: Nov. 28, 2015, 1:48 a.m.
  • Length: 12:43
Show
View Real Time Build Order
Export as new Build Order

Shasta Terran - Winner!

Build Orders: Bio Tank, MMM Bio 

Get SALT Encoding   

  12  0:01  SCV  
  13  0:13  SCV  
  14  0:19  Supply Depot  
  14  0:25  SCV  
  15  0:40  SCV  
  16  0:43  Barracks  
  16  0:52  SCV  
  17  1:05  SCV  
  18  1:14  Command Center  
  18  1:18  SCV  
  19  1:29  Marine  
  19  1:31  Orbital Command  
  20  1:41  Refinery  
  20  1:42  Supply Depot  
  20  1:48  Marine  
  21  1:57  SCV  
  22  2:06  Marine  
  23  2:16  SCV  
  24  2:23  Command Center  
  24  2:25  Marine  
  24  2:28  SCV  
  26  2:32  Refinery  
  26  2:43  SCV  
  26  2:44  Orbital Command  
  26  2:50  Barracks Tech Lab  
  26  3:02  SCV  
  27  3:12  Factory  
  29  3:13  Marauder  
  29  3:14  SCV  
  29  3:16  Concussive Shells  
  29  3:18  SCV  
  31  3:26  SCV  
  32  3:30  SCV  
  33  3:36  Orbital Command, Marauder  
  33  3:38  SCV  
  35  3:42  SCV  
  36  3:50  SCV  
  36  3:54  SCV  
  38  4:01  Factory Reactor, Marine  
  38  4:02  Stimpack  
  39  4:03  SCV, Starport  
  39  4:06  SCV  
  39  4:07  Orbital Command  
  41  4:15  SCV  
  42  4:17  Barracks x2  
  42  4:19  SCV  
  43  4:26  Marauder  
  43  4:27  SCV  
  43  4:30  Supply Depot  
  46  4:31  SCV  
  46  4:34  SCV  
  48  4:39  SCV  
  48  4:41  Engineering Bay  
  48  4:42  Engineering Bay  
  48  4:43  SCV  
  50  4:56  SCV x2  
  50  4:58  Viking x2  
  50  4:59  Factory Tech Lab  
  56  5:01  SCV  
  57  5:08  SCV x2, Missile Turret  
  57  5:11  Missile Turret  
  57  5:13  SCV  
  60  5:15  Missile Turret  
  60  5:17  Missile Turret  
  60  5:23  SCV x2  
  60  5:24  Barracks Reactor x2  
  60  5:26  SCV  
  58  5:43  Marine  
  51  6:01  SCV x2, Marine  
  51  6:02  Marine x4  
  51  6:03  Siege Tank  
  51  6:04  Medivac  
  61  6:11  SCV  
  61  6:13  SCV  
  61  6:19  SCV, Marine x3  
  61  6:20  Marine  
  61  6:23  SCV  
  67  6:30  Marine  
  65  6:37  Marine x4  
  67  6:44  SCV x3  
  69  7:03  Supply Depot  
  69  7:04  Missile Turret x2  
  69  7:08  Combat Shields  
  69  7:20  Refinery  
  69  7:21  Refinery, Missile Turret  
  69  7:24  SCV x3, Marine x5  
  77  7:35  Supply Depot  
  77  7:36  Supply Depot  
  77  7:37  Supply Depot  
  77  7:38  SCV x3, Medivac x2  
  77  7:40  Barracks  
  77  7:42  Marine x2  
  86  7:44  Barracks  
  86  7:45  Barracks  
  86  7:46  Marine x3  
  86  7:50  SCV x3  
  92  7:57  Siege Tank  
  95  7:58  Refinery  
  95  7:59  Refinery, Marine  
  95  8:00  Marine  
  95  8:03  SCV  
  95  8:04  Marine x3  
  101  8:09  SCV  
  101  8:10  SCV  
  103  8:13  Terran Infantry Weapons Level 1  
  103  8:15  SCV, Terran Infantry Armor Level 1  
  103  8:17  Marine x2  
  106  8:22  SCV, Marine x3  
  104  8:33  Liberator x2  
  96  8:35  Marine x2  
  87  8:44  Marine  
  87  8:45  Marine x2  
  85  8:49  Barracks Reactor x3  
  88  9:00  Marine x2  
  88  9:02  Marine x3  
  83  9:18  Marine x2  
  83  9:20  Siege Tank, Marine x3  
  84  9:36  Marine x2  
  84  9:38  Marine x3  
  85  9:44  Marine x5  
  85  9:45  Marine  
  91  9:52  Siege Tank  
  93  9:54  Marine x2  
  93  9:56  Marine x3  
  96  10:02  Marine x6  
  102  10:07  Armory  
  102  10:09  Medivac x2  
  102  10:11  Supply Depot, Marine  
  102  10:12  Marine  
  102  10:13  Supply Depot x2, Marine  
  102  10:14  Marine x2  
  109  10:21  Factory  
  111  10:22  Factory  
  111  10:24  Siege Tank  
  111  10:25  Marine  
  111  10:26  Marine  
  116  10:29  Marine x2  
  116  10:31  Marine  
  116  10:32  Marine  
  113  10:39  Marine  
  113  10:40  Marine x4  
  113  10:42  Medivac  
  118  10:43  Marine x2  
  120  10:53  Marine x4  
  120  10:56  Siege Tank, Medivac  
  129  10:57  Marine x2  
  129  10:58  Marine x3  
  129  11:01  Marine  
  135  11:09  Marine  
  135  11:10  Marine x2  
  135  11:11  Command Center, Marine  
  139  11:12  Marine  
  139  11:15  Marine  
  139  11:16  Marine x4  
  145  11:19  Marine  
  146  11:28  Siege Tank  
  149  11:33  Marine  
  149  11:34  Marine x4  
  134  11:50  Marine  
  134  11:51  Marine x5  
  139  11:56  Marine x5  
  139  12:01  Siege Tank  
  143  12:02  Factory Tech Lab x2  
  143  12:05  SCV x3  
  139  12:08  Marine x2  
  141  12:16  Marine  
  141  12:17  Marine x8  
  141  12:18  Refinery  
  141  12:21  Refinery  
  149  12:35  Command Center  
Show
View Real Time Build Order
Export as new Build Order

LilDicky Terran 

Build Orders: Reaper Expand 

Get SALT Encoding   

  12  0:02  SCV  
  13  0:14  SCV  
  13  0:20  Supply Depot  
  14  0:26  SCV  
  15  0:42  SCV  
  16  0:46  Barracks  
  16  0:53  Refinery  
  16  0:54  SCV  
  17  1:07  SCV  
  18  1:19  SCV  
  19  1:31  Command Center  
  19  1:37  Reaper  
  20  1:51  Supply Depot  
  19  1:54  Orbital Command  
  19  2:11  Marine  
  19  2:12  Refinery  
  20  2:17  Factory  
  20  2:21  SCV  
  21  2:29  Marine  
  22  2:47  Marine  
  23  2:52  Orbital Command  
  23  2:54  SCV  
  24  3:01  Factory Tech Lab  
  24  3:02  Starport  
  24  3:05  Marine  
  25  3:06  SCV  
  25  3:09  Supply Depot  
  26  3:18  SCV  
  27  3:48  Marine  
  27  3:49  Command Center, Factory Tech Lab  
  27  3:50  SCV  
  28  3:55  Banshee  
  28  4:02  Cloaking Field  
  31  4:05  SCV  
  31  4:06  SCV  
  31  4:08  Factory Tech Lab  
  33  4:12  Marine  
  34  4:17  SCV  
  34  4:20  SCV  
  34  4:21  Refinery  
  36  4:30  Siege Tank, Marine  
  40  4:33  SCV x2  
  42  4:40  Banshee  
  46  4:45  SCV  
  46  4:48  Marine  
  46  4:50  SCV  
  48  4:57  SCV  
  49  5:03  SCV  
  49  5:04  Siege Tank  
  49  5:05  Marine  
  49  5:06  Barracks, Orbital Command  
  54  5:07  Barracks  
  54  5:09  SCV  
  55  5:26  Marine  
  56  5:42  Siege Tank  
  54  5:44  Marine  
  47  6:15  Siege Tank  
  48  6:22  Marine  
  48  6:25  Marine x2  
  48  6:40  Marine  
  48  6:42  Orbital Command  
  48  6:44  SCV  
  48  6:45  Banshee  
  51  6:47  SCV, Siege Tank  
  54  6:55  Command Center  
  54  6:56  Barracks Tech Lab  
  54  6:58  Barracks Tech Lab  
  54  6:59  Barracks  
  54  7:00  Command Center, Barracks  
  53  7:05  Refinery  
  53  7:15  Engineering Bay  
  53  7:16  Engineering Bay  
  53  7:19  Siege Tank  
  56  7:29  SCV x2  
  58  7:30  Marine  
  58  7:31  Marine x2  
  58  7:36  Banshee  
  64  7:40  SCV  
  64  7:41  SCV  
  64  7:43  SCV, Refinery  
  67  7:45  Marine  
  67  7:48  Marine  
  69  7:55  Supply Depot  
  69  7:58  Supply Depot  
  69  7:59  Terran Infantry Weapons Level 1, Missile Turret  
  69  8:00  Terran Infantry Armor Level 1  
  69  8:04  Armory  
  69  8:06  Missile Turret x2, Marine x4  
  69  8:07  SCV x2  
  72  8:14  Orbital Command x2  
  67  8:20  Missile Turret, Marine  
  67  8:24  Marine  
  54  8:43  Marine x3  
  56  8:52  Marine x2  
  56  8:54  Banshee  
  61  9:01  Marine x3  
  64  9:03  SCV x5  
  69  9:10  Marauder x2  
  69  9:13  Siege Tank  
  69  9:15  SCV x2  
  75  9:22  Marine x2  
  76  9:30  Combat Shields, Stimpack, Marine  
  76  9:31  Marine x2  
  69  9:40  Marine x2  
  69  9:48  Marine  
  69  9:49  Marine x2  
  68  9:54  Siege Tank  
  68  9:58  Marine x2  
  68  10:03  SCV x5  
  68  10:06  Marine  
  68  10:07  Marine x2  
  74  10:08  Terran Infantry Weapons Level 2  
  74  10:12  Terran Infantry Armor Level 2  
  74  10:13  Terran Vehicle And Ship Armor Level 1, Starport x2  
  76  10:15  SCV x5  
  76  10:16  Marine x2  
  83  10:24  Marine  
  84  10:31  Command Center  
  72  10:39  Marine x4  
  72  10:42  Banshee, Marine  
  73  10:50  Refinery  
  73  10:56  Supply Depot, Viking x2, Missile Turret, Marine  
  78  10:57  Supply Depot  
  78  10:59  Siege Tank  
  78  11:02  SCV  
  82  11:05  Marine  
  82  11:06  Marine x3  
  82  11:07  Concussive Shells  
  86  11:13  SCV x2  
  86  11:14  Armory, Marine  
  86  11:17  Missile Turret  
  86  11:18  Missile Turret  
  89  11:19  Missile Turret  
  89  11:23  Marine  
  89  11:24  Marauder x2, Marine  
  95  11:32  Refinery, Marine  
  79  11:41  Marine  
  79  11:46  Missile Turret, Marauder x2  
  61  11:48  Refinery  
  43  12:06  SCV x6  
  43  12:07  Marauder x2  
  43  12:08  Marine  
  50  12:09  Marine x2  
  50  12:11  Starport Tech Lab x2  
  53  12:18  SCV x3  
  53  12:19  SCV x2  
  57  12:29  SCV  
  60  12:30  SCV  
  60  12:31  SCV  
Tags
 
Add a new tag
Caveats
  • Supply blocks, unpowered buildings, or Contaminate may cause inaccurate times.
  • Supply counts are checked every 10 seconds.